 Dungeon Crawl Stone Soup version 0.19.1 (webtiles) character file.

1287 SphereEnthusiast the Carver (level 8, -2/58 HPs)
             Began as a Demonspawn Berserker on Nov 25, 2016.
             Was an Elder of Trog.
             Slain by a centaur (8 damage)
             ... on level 6 of the Dungeon.
             The game lasted 00:09:30 (5453 turns).

SphereEnthusiast the Carver (Demonspawn Berserker)  Turns: 5453, Time: 00:09:31

Health: -2/58      AC:  8    Str: 17    XL:     8   Next: 30%
Magic:  8/8        EV: 11    Int:  9    God:    Trog [****..]
Gold:   246        SH:  0    Dex: 15    Spells: 0 memorised, 7 levels left

rFire  . . .     SeeInvis .     B - +0 falchion (elec)
rCold  . . .     Gourm    .     e - +1 ring mail
rNeg   . . .     Faith    +     (no shield)
rPois  .         Spirit   .     (helmet restricted)
rElec  .         Reflect  .     (no cloak)
rCorr  .         Harm     .     (no gloves)
MR     +....                    (no boots)
Stlth  +.........               m - amulet of faith
                                (no ring)
                                (no ring)

@: no status effects
A: horns 2, molten scales 1, blink, demonic guardian 1, magic resistance 1,
powered by pain 2, subdued magic 1
a: Blink, Berserk, Trog's Hand, Brothers in Arms, Burn Spellbooks, Renounce
Religion


You were on level 6 of the Dungeon.
You worshipped Trog.
Trog was greatly pleased with you.
You were near starving.

You visited 1 branch of the dungeon, and saw 6 of its levels.
You also visited: Ossuary.

You collected 246 gold pieces.

Inventory:

Hand Weapons
 a - a +0 falchion
 B - a +0 falchion of electrocution (weapon)
Armour
 b - a +0 animal skin
 e - a +1 ring mail (worn)
Jewellery
 k - an uncursed amulet of rage
 m - an amulet of faith (around neck)
 q - an uncursed ring of teleportation
Wands
 u - a wand of disintegration (12/24)
 w - a wand of random effects (34/48)
Scrolls
 f - 6 scrolls of identify
 i - 4 scrolls of remove curse
 x - a scroll of teleportation
 F - a scroll of holy word
Potions
 d - 3 potions of curing
 p - 2 potions of agility
 t - a potion of flight
 A - 2 potions of resistance
 E - 3 potions of heal wounds
Books
 y - a book of Changes

   Spells                             Type                      Level
   a - Beastly Appendage              Transmutation                1
   b - Sticks to Snakes               Transmutation                2
   c - Spider Form                    Transmutation/Poison         3
   d - Ice Form                       Ice/Transmutation            4
   e - Blade Hands                    Transmutation                5
   Trog disapproves of the use of such an item.
 D - a book of Minor Magic

   Spells                             Type                      Level
   a - Magic Dart                     Conjuration                  1
   b - Blink                          Translocation                2
   c - Call Imp                       Summoning                    2
   d - Repel Missiles                 Charms/Air                   2
   e - Slow                           Hexes                        2
   f - Conjure Flame                  Conjuration/Fire             3
   g - Mephitic Cloud                 Conjuration/Poison/Air       3
   Trog disapproves of the use of such an item.
Comestibles
 c - 4 bread rations
 g - 3 fruits
 l - 2 meat rations
 s - a royal jelly
 z - a beef jerky


   Skills:
 - Level 3.0 Fighting
 + Level 9.6 Long Blades
 - Level 1.7 Armour
 - Level 1.7 Dodging


You had 7 spell levels left.
You didn't know any spells.

Dungeon Overview and Level Annotations

Branches:
Dungeon (6/15)             Temple (0/1) D:4

Altars:
Dithmenos
Gozag

Shops:
D:4 [[(   D:6 =


Innate Abilities, Weirdness & Mutations

You have a pair of horns on your head.
You are partially covered in molten scales. (AC +2)
A weak demonic guardian rushes to your aid.
You sometimes gain power by taking damage.
You can translocate small distances at will.
You are resistant to hostile enchantments. (MR+)
Your spells are a little easier to cast, but a little less powerful.


Message History

* * * LOW HITPOINT WARNING * * *
The centaur shoots an arrow.
The arrow hits you.
* * * LOW HITPOINT WARNING * * *
You see here 2 arrows.
The centaur unwields an uncursed shortbow.
The centaur misses you.
You hit the centaur.
There is a sudden explosion of sparks!
You headbutt the centaur.
The centaur is severely wounded.
The centaur unwields an uncursed shortbow.
The centaur hits you but does no damage. x2
You barely miss the centaur. You headbutt the centaur.
The centaur is almost dead.
The centaur completely misses you.
You riposte.
You hit the centaur.
The centaur is lightly wounded.
The centaur hits you.
* * * LOW HITPOINT WARNING * * *
Your shadow imp gestures at the centaur.
The centaur writhes in agony!
The centaur hits you!
You die...

.........## ...........
........ .........#
#...... .........#
#..... .........# #....
.........# #...#
.........# #...#
########## #c..#
#############@c.#
####...........(...###
..............(5..%....
####.........(...######
#####'#.....(....#
#.#.#.#...(.(....#
#'#'#.#..........#
'...'.#..........#
#...######.........


You could see 2 centaurs and a friendly shadow imp.

Vanquished Creatures
  Eustachio (D:5)
  A sky beast (D:4)
  A phantom (D:3)
  An ogre (D:5)
  2 elf skeletons (D:6)
  A scorpion (D:6)
  A howler monkey (D:5)
  A crimson imp (D:5)
  4 human zombies
  2 orc priests
  A hound (D:4)
  3 orc wizards
  Terence (D:2)
  A worker ant (D:4)
  A big kobold zombie (Ossuary)
  A hound zombie (Ossuary)
  4 mummies (Ossuary)
  6 adders
  2 worms
  3 dart slugs (D:1)
  5 leopard geckos
  16 orcs
  2 ball pythons
  5 bats
  7 giant cockroaches
  6 goblins
  7 hobgoblins
  13 jackals
  2 quokkas (D:3)
  4 frilled lizards
  A goblin zombie (Ossuary)
  3 jackal zombies
  7 kobolds
  2 kobold zombies (Ossuary)
  2 orc skeletons (D:6)
  9 rats
  A rat zombie (Ossuary)
130 creatures vanquished.

Vanquished Creatures (collateral kills)
  A howler monkey (D:4)
  A hound (D:3)
  A goblin (D:3)
  2 jackals (D:4)
  A jackal zombie (Ossuary)
  A kobold zombie (Ossuary)
7 creatures vanquished.

Grand Total: 137 creatures vanquished

Notes
Turn   | Place    | Note
-------+----------+-------------------------------------------
     0 | D:1      | SphereEnthusiast the Demonspawn Berserker began the quest for the Orb.
     0 | D:1      | Reached XP level 1. HP: 18/18 MP: 1/1
    50 | D:1      | Reached skill level 3 in Long Blades
   248 | D:1      | Gained mutation: You have a pair of small horns on your head. [demonic ancestry]
   248 | D:1      | Reached XP level 2. HP: 24/24 MP: 2/2
   580 | D:1      | Reached ** piety under Trog
   586 | D:1      | Gained mutation: A weak demonic guardian rushes to your aid. [demonic ancestry]
   586 | D:1      | Reached XP level 3. HP: 29/29 MP: 3/3
  1039 | D:2      | Reached skill level 4 in Long Blades
  1144 | D:2      | Found an opulent altar of Gozag.
  1468 | D:2      | Noticed Terence
  1473 | D:2      | Killed Terence
  1473 | D:2      | Reached XP level 4. HP: 35/35 MP: 4/4
  1746 | D:3      | Reached skill level 5 in Long Blades
  1924 | D:3      | Gained mutation: You sometimes gain a little power by taking damage. [demonic ancestry]
  1924 | D:3      | Reached XP level 5. HP: 32/41 MP: 5/5
  2179 | D:3      | Reached *** piety under Trog
  2183 | D:3      | Noticed a phantom
  2399 | D:3      | Killed a phantom
  2399 | D:3      | Reached skill level 6 in Long Blades
  2761 | D:3      | Gained mutation: You have a pair of horns on your head. [demonic ancestry]
  2761 | D:3      | Reached XP level 6. HP: 45/47 MP: 6/6
  3251 | D:4      | Found Coifourgh's Antique Armour Emporium.
  3358 | D:4      | Found Warelawu's Weapon Shop.
  3358 | D:4      | Found a staircase to the Ecumenical Temple.
  3374 | D:4      | Reached skill level 7 in Long Blades
  3423 | D:4      | Found Kucuucwi's Antique Armour Shoppe.
  3509 | D:5      | Entered Level 5 of the Dungeon
  3509 | D:5      | Noticed Eustachio
  3510 | D:5      | Noticed a sky beast
  3528 | D:4      | Killed a sky beast
  3528 | D:4      | Gained mutation: You are partially covered in molten scales. (AC +2) [demonic ancestry]
  3528 | D:4      | Reached XP level 7. HP: 20/52 MP: 7/7
  3967 | D:5      | Killed Eustachio
  3967 | D:5      | Reached skill level 8 in Long Blades
  3993 | D:5      | Reached **** piety under Trog
  4740 | D:5      | Found a shadowy altar of Dithmenos.
  5037 | D:6      | Found Xoamubuf's Jewellery Shoppe.
  5086 | D:6      | Found a sand-covered staircase.
  5091 | D:6      | Reached skill level 9 in Long Blades
  5091 | D:6      | Gained mutation: You sometimes gain power by taking damage. [demonic ancestry]
  5091 | D:6      | Reached XP level 8. HP: 50/58 MP: 8/8
  5095 | Ossuary  | Entered an ossuary
  5391 | Ossuary  | Gained mutation: You are resistant to hostile enchantments. (MR+) [potion of mutation]
  5391 | Ossuary  | Gained mutation: You can translocate small distances at will. [potion of mutation]
  5391 | Ossuary  | Gained mutation: Your spells are a little easier to cast, but a little less powerful. [potion of mutation]
  5453 | D:6      | Slain by a centaur

Skill      XL: |  1  2  3  4  5  6  7 |
---------------+----------------------+-----
Long Blades    | 3 4 5 6 7 9 |  9.6
Fighting       | |  3.0
Armour         | |  1.7
Dodging        | |  1.7

Action                   |  1- 3 |  4- 6 |  7- 9 || total
-------------------------+-------+-------+-------++-------
Melee: Falchion          |    93 |   145 |   112 ||   350
       Headbutt          |    20 |    35 |    32 ||    87
Invok: Berserk           |     2 |     6 |       ||     8
  Use: Scroll            |       |     2 |     5 ||     7
       Potion            |       |       |    10 ||    10
 Stab: Distracted        |       |       |     1 ||     1
  Eat: Chunk             |     2 |    13 |     1 ||    16
       Bread ration      |       |       |     1 ||     1
Armor: Animal skin       |     2 |       |       ||     2
       Ring mail         |    16 |    63 |    50 ||   129
Dodge: Dodged            |    60 |   110 |    69 ||   239
       Rpst.: Falchion   |    19 |    43 |    22 ||    84
